 Dungeon Crawl Stone Soup version 0.31-a0-16-g6d2539766c (webtiles) character file.

Game seed: 10154268226314057067

11279 BlueFish the Magician (level 11, 0/89 HPs)
             Began as a Purple Draconian Conjurer on May 8, 2023.
             Was a Believer of Sif Muna.
             Killed from afar by a gargoyle (3 damage)
             ... with a stone arrow
             ... on level 11 of the Dungeon.
             The game lasted 00:46:55 (17185 turns).

BlueFish the Magician (Purple Draconian Conjurer)  Turns: 17185, Time: 00:46:56

Health: 0/89       AC:  9    Str:  9    XL:     11   Next: 47%
Magic:  16/22      EV: 12    Int: 23    God:    Sif Muna [**....]
Gold:   159        SH:  4    Dex: 10    Spells: 5/25 levels left

rFire   . . .        a - +2 short sword (venom)
rCold   . . .        j - +0 buckler
rNeg    . . .        (body armour unavailable)
rPois   .            (helmet restricted)
rElec   .            (no cloak)
rCorr   .            i - +0 pair of gloves
SInv    .            n - +0 pair of boots
Will    +....        (no amulet)
Stlth   +++          (no ring)
HPRegen 0.34/turn    (no ring)
MPRegen 0.18/turn

%: no passive effects
@: very slightly contaminated
A: breathe power, AC +7, unfitting armour, cold-blooded
a: Breathe Dispelling Energy, Renounce Religion, Channel Magic


You were on level 11 of the Dungeon.
You worshipped Sif Muna.
Sif Muna was pleased with you.
You visited 2 branches of the dungeon, and saw 12 of its levels.

You collected 1755 gold pieces.
You spent 1596 gold pieces at shops.

Inventory:

Hand Weapons
 a - a +2 short sword of venom (weapon)
 b - a +0 dagger
 t - a +1 dagger of speed
 G - a +2 scimitar of flaming
Armour
 i - a +0 pair of gloves (worn)
 j - a +0 buckler (worn)
 n - a +0 pair of boots (worn)
Jewellery
 I - a ring of protection from fire
 J - a ring of ice
Wands
 d - a wand of charming (19)
 h - a wand of digging (6)
 v - a wand of quicksilver (21)
 z - a wand of flame (7)
 A - a wand of mindburst (11)
 H - a wand of polymorph (7)
Scrolls
 c - a scroll of vulnerability
 e - 2 scrolls of immolation {unknown}
 g - 2 scrolls of fog {unknown}
 k - 2 scrolls of amnesia
 l - 2 scrolls of teleportation
 p - 3 scrolls of fear {unknown}
 r - 2 scrolls of torment {unknown}
 u - 3 scrolls of enchant weapon
 x - 2 scrolls of silence
 y - 2 scrolls of magic mapping {unknown}
 C - a scroll of butterflies {unknown}
 D - 2 scrolls of identify
 E - 2 scrolls of enchant armour {unknown}
 K - a scroll of blinking
Potions
 f - 4 potions of mutation
 m - 3 potions of attraction
 o - 2 potions of haste
 s - a potion of ambrosia
 w - 2 potions of might
 B - a potion of brilliance {unknown}
 F - 3 potions of curing
Miscellaneous
 q - a box of beasts


   Skills:
 + Level 5.9 Fighting
 + Level 4.6 Short Blades
 + Level 5.1 Dodging
 + Level 5.4 Stealth
 + Level 4.6 Shields
 * Level 7.6 Spellcasting
 + Level 6.4 Conjurations
 * Level 6.5 Hexes
 + Level 3.5 Summonings
 + Level 3.6 Ice Magic
 + Level 3.2 Air Magic
 + Level 3.1 Poison Magic
 + Level 3.2 Invocations
 * Level 6.1 Evocations


You had 5 spell levels left.
You knew the following spells:

 Your Spells              Type           Power      Damage    Failure   Level
a - Magic Dart            Conj           100%       1d8       1%          1
b - Searing Ray           Conj           76%        2d7       1%          2
c - Dazzling Flash        Conj/Hex       76%        N/A       2%          3
d - Tukima's Dance        Hex            38%        N/A       2%          3
e - Ensorcelled Hibernat  Hex/Ice        64%        N/A       1%          2
f - Mephitic Cloud        Conj/Pois/Air  28%        N/A       5%          3
g - Call Imp              Summ           48%        N/A       3%          2
h - Fulminant Prism       Conj/Hex       19%        3d10      7%          4

Your spell library contained the following spells:

 Spells                   Type           Power      Damage    Failure   Level
 Summon Small Mammal      Summ           96%        N/A       2%          1
 Static Discharge         Conj/Air       62%        2-5/arc   2%          2
 Poisonous Vapours        Pois/Air       46%        N/A       4%          2
 Hailstorm                Conj/Ice       32%        3d8       4%          3
 Ozocubu's Armour         Ice            25%        N/A       7%          3
 Inner Flame              Hex/Fire       23%        N/A       9%          3
 Swiftness                Air            23%        N/A       9%          3
 Apportation              Tloc           16%        N/A       11%         1
 Necrotise                Necr           32%        1d5       11%         1
 Passwall                 Tmut/Erth      6%         N/A       16%         2
 Scorch                   Fire           16%        2d6       16%         2
 Iskenderun's Battlesphe  Conj           38%        2d9       21%         5
 Flame Wave               Conj/Fire      23%        2d8       28%         4
 Iskenderun's Mystic Bla  Conj/Tloc      23%        2d6       28%         4
 Sticky Flame             Conj/Fire      23%        2d4       28%         4
 Volatile Blastmotes      Fire/Tloc      16%        2d11      30%         3
 Summon Mana Viper        Hex/Summ       31%        N/A       36%         5
 Freezing Cloud           Conj/Ice/Air   14%        6-21      43%         5
 Yara's Violent Unravell  Hex/Tmut       11%        3d6       58%         5
 Manifold Assault         Tloc           8%         N/A       71%         4
 Passage of Golubria      Tloc           8%         N/A       71%         4
 Summon Forest            Summ/Tloc      8%         N/A       80%         5
 Summon Cactus Giant      Summ           12%        N/A       98%         6
 Dispersal                Tloc           4%         N/A       100%        6
 Ozocubu's Refrigeration  Ice            12%        4d10      100%        7
 Disjunction              Tloc           4%         N/A       100%        8


Dungeon Overview and Level Annotations

Branches:
Dungeon (11/15)            Temple (1/1) D:7            Lair (0/5) D:10
    Orc (0/2) D:11

Altars:
Ashenzari
Cheibriados
Dithmenos
Elyvilon
Fedhas
Gozag
Hepliaklqana
Kikubaaqudgha
Makhleb
Nemelex Xobeh
Okawaru
Qazlal
Ru
Sif Muna
Trog
Uskayaw
Vehumet
Wu Jian
Xom
Yredelemnul
Zin
The Shining One

Shops:
D:10 ::   D:11 :


Innate Abilities, Weirdness & Mutations

You can breathe bolts of dispelling energy.
Your rich purple scales are hard. (AC +7)
You cannot fit into any form of body armour.
You are cold-blooded and may be slowed by cold attacks.


Message History

Okay, then.
Casting: Tukima's Dance (mildly dangerous; 2% risk of failure)
Confirm with . or Enter, or press ? or * to list all spells.
You miscast Call Imp.
You are very lightly contaminated with residual magic.
Nothing appears to happen.
The gargoyle hurls a stone arrow at you.
The stone arrow misses you.
Casting: Call Imp (safe; 3% risk of failure)
Confirm with . or Enter, or press ? or * to list all spells.
A tiny devil pulls itself out of the air.
The gargoyle hurls a stone arrow at you.
The stone arrow hits you.
Your cerulean imp barely misses the gargoyle.
The gargoyle hurls a stone arrow at you.
The stone arrow hits you!
Your cerulean imp hits the gargoyle but does no damage.
Casting: Call Imp (safe; 3% risk of failure)
Confirm with . or Enter, or press ? or * to list all spells.
Okay, then.
Casting: Call Imp (safe; 3% risk of failure)
Confirm with . or Enter, or press ? or * to list all spells.
Okay, then.
Casting: Call Imp (safe; 3% risk of failure)
Confirm with . or Enter, or press ? or * to list all spells.
Aiming: Tukima's Dance (mildly dangerous; 2% risk of failure)
Press: ? - help, Shift-Dir - straight line, f/p - gargoyle
Aim: a gargoyle, wielding a +0 dire flail (ally target, chance to affect: 48%)
The gargoyle resists with some effort.
The gargoyle hurls a stone arrow at you.
The stone arrow hits you!!
* * * LOW HITPOINT WARNING * * *
Your cerulean imp hits the gargoyle but does no damage.
The gargoyle hurls a stone arrow at you.
The stone arrow hits you!
* * * LOW HITPOINT WARNING * * *
Your cerulean imp hits the gargoyle but does no damage.
The gargoyle hurls a stone arrow at you.
The stone arrow hits you.
You die...

#.........# #. #.#.#####.#
#. #...#####.# #.
#.###......# ####. #.#
##.##..###########.... #.#
##.#..............### #.
#>....## #####...### #.#
##.#.### #.....# #.#
##.##@# #).##.#
#.###.###.# #..# >#
#....##5..##########..##.#
#.#.###.###..............#
#.#.# #9# #.####.##...####
#.#.# #.# #∩# #.##.### #
#.#.###.# #.####.##.## #
#....##)###..........# #
##.....)<).....)......#
###


You could see a gargoyle.

Vanquished Creatures
  Fannar (D:11)
  Erica (D:9)
  2 boulder beetles (D:11)
  Psyche (D:9)
  A troll (D:10)
  5 wyverns
  A wraith (D:11)
  5 yaks (D:10)
  6 humans (D:10)
  2 vampire mosquitoes
  3 steam dragons
  2 acid dragons
  Duvessa (D:6)
  7 orc warriors
  2 sky beasts
  3 black bears
  A centaur (D:4)
  3 ogres
  2 wolves (D:10)
  3 phantoms
  2 kobold brigands (D:8)
  3 bullfrogs
  2 gnoll sergeants (D:8)
  A scorpion (D:5)
  9 wights
  Dowan (D:6)
  9 killer bees
  3 howler monkeys
  2 electric eels (D:10)
  10 hounds
  4 jellies
  A gnoll bouda (D:7)
  8 orc priests
  2 sleepcaps (D:6)
  2 iguanas (D:6)
  12 orc wizards
  Robin (D:3)
  8 adders
  10 gnolls
  A shadow imp (D:5)
  2 white imps (D:7)
  4 worms
  3 dart slugs
  51 orcs
  7 ball pythons
  3 bats
  4 endoplasms
  A giant cockroach (D:2)
  18 goblins
  12 hobgoblins
  10 jackals
  21 kobolds
  8 quokkas
  5 frilled lizards
  3 rats
  A fulminant prism (D:11)
296 creatures vanquished.

Vanquished Creatures (collateral kills)
  A wight (D:9)
  A killer bee (D:9)
  2 orcs
4 creatures vanquished.

Vanquished Creatures (others)
  An orc (D:8)
  9 fulminant prisms
10 creatures vanquished.

Grand Total: 310 creatures vanquished

Notes
Turn   | Place    | Note
-------+----------+-------------------------------------------
     0 | D:1      | BlueFish the Draconian Conjurer began the quest for the
                  | Orb.
     0 | D:1      | Reached XP level 1. HP: 14/14 MP: 3/3
   223 | D:1      | Reached XP level 2. HP: 17/22 MP: 1/5
   285 | D:1      | Learned a level 2 spell: Searing Ray
   527 | D:1      | Reached skill level 1 in Fighting
  1081 | D:1      | Reached XP level 3. HP: 28/28 MP: 4/6
  2159 | D:2      | Reached XP level 4. HP: 35/35 MP: 5/7
  2286 | D:2      | Found an opulent altar of Gozag.
  2507 | D:3      | Learned a level 3 spell: Dazzling Flash
  2749 | D:3      | Found a faded altar of an unknown god.
  2901 | D:3      | Noticed Robin
  2907 | D:3      | Killed Robin
  2947 | D:3      | Reached skill level 1 in Shields
  3025 | D:3      | Reached XP level 5. HP: 41/41 MP: 5/8
  3032 | D:3      | Reached skill level 1 in Short Blades
  3752 | D:4      | Noticed a phantom
  3806 | D:4      | Killed a phantom
  3807 | D:4      | Reached XP level 6. HP: 28/48 MP: 3/10
  4013 | D:4      | Reached skill level 3 in Spellcasting
  4194 | D:4      | Reached skill level 5 in Conjurations
  4252 | D:4      | Your scales start taking on a rich purple colour.
  4252 | D:4      | Reached XP level 7. HP: 49/56 MP: 1/12
  4257 | D:4      | Learned a level 3 spell: Tukima's Dance
  4363 | D:4      | Identified a scroll of acquirement
  4364 | D:4      | Acquired 920 gold pieces
  4514 | D:4      | Found a hazy altar of Hepliaklqana.
  4527 | D:4      | Found an iron altar of Okawaru.
  4643 | D:4      | Reached skill level 4 in Spellcasting
  4881 | D:4      | Reached skill level 1 in Hexes
  5080 | D:4      | Found a white marble altar of Elyvilon.
  5171 | D:4      | Learned a level 2 spell: Ensorcelled Hibernation
  5817 | D:5      | Entered Level 5 of the Dungeon
  6296 | D:5      | Learned a level 3 spell: Mephitic Cloud
  6379 | D:5      | Reached XP level 8. HP: 63/63 MP: 5/15
  6507 | D:5      | Learned a level 2 spell: Call Imp
  7041 | D:6      | Found a blossoming altar of Fedhas.
  7044 | D:6      | Found a shimmering blue altar of Sif Muna.
  7303 | D:6      | Reached skill level 1 in Evocations
  7343 | D:6      | Reached skill level 5 in Spellcasting
  7472 | D:6      | Reached skill level 1 in Summonings
  7523 | D:6      | Noticed Dowan
  7525 | D:6      | Noticed Duvessa
  7798 | D:6      | Reached skill level 1 in Ice Magic
  7798 | D:6      | Reached skill level 1 in Poison Magic
  7987 | D:6      | Reached skill level 1 in Air Magic
  8117 | D:6      | Killed Dowan
  8233 | D:6      | Killed Duvessa
  8427 | D:6      | Found a sparkling altar of Nemelex Xobeh.
  8549 | D:6      | Reached XP level 9. HP: 71/71 MP: 12/17
  8679 | D:6      | Found a shadowy altar of Dithmenos.
  9271 | D:7      | Found a staircase to the Ecumenical Temple.
  9426 | Temple   | Entered the Ecumenical Temple
  9924 | D:7      | Reached skill level 6 in Spellcasting
 10218 | D:6      | Became a worshipper of Sif Muna the Loreminder
 10961 | D:8      | Learned a level 4 spell: Fulminant Prism
 11280 | D:8      | Reached * piety under Sif Muna
 11580 | D:8      | Found a glowing silver altar of Zin.
 11633 | D:8      | Reached XP level 10. HP: 80/80 MP: 7/19
 12064 | D:9      | Reached skill level 1 in Invocations
 12330 | D:8      | Reached skill level 5 in Hexes
 12612 | D:9      | Found a bloodstained altar of Trog.
 12834 | D:9      | Noticed Psyche
 13239 | D:9      | Noticed Erica
 13249 | D:9      | Killed Psyche
 13256 | D:9      | Killed Erica
 13257 | D:9      | Reached skill level 5 in Fighting
 13355 | D:10     | Entered Level 10 of the Dungeon
 13397 | D:10     | Found a staircase to the Lair.
 13466 | D:10     | Reached skill level 5 in Evocations
 13475 | D:10     | Reached skill level 5 in Stealth
 13475 | D:10     | Reached ** piety under Sif Muna
 13511 | D:10     | Reached skill level 7 in Spellcasting
 13999 | D:10     | Found Neeboe's Tremendous Tomes.
 14008 | D:10     | Bought the Compendium of the Barrage and Incandescence for
                  | 840 gold pieces
 14152 | D:10     | Found Usurphikh's Book Boutique.
 14157 | D:10     | Bought a book of the Wilderness for 418 gold pieces
 14402 | D:10     | Reached XP level 11. HP: 88/88 MP: 12/21
 15196 | D:11     | Noticed Fannar
 15205 | D:11     | Noticed a catoblepas
 15208 | D:11     | Noticed a boulder beetle
 15601 | D:11     | Noticed a boulder beetle
 15621 | D:11     | Killed a boulder beetle
 16143 | D:11     | Killed a boulder beetle
 16144 | D:11     | Reached skill level 5 in Dodging
 16385 | D:11     | Killed Fannar
 16640 | D:11     | Found Lerangin's Book Emporium.
 16644 | D:11     | Bought a book of Vapours for 338 gold pieces
 17097 | D:11     | Found a staircase to the Orcish Mines.
 17184 | D:11     | HP: 2/89 [gargoyle/stone arrow (15)]
 17185 | D:11     | Killed from afar by a gargoyle

Illustrated notes

Levels and vault maps discovered:
D:1:      nzn_arrival_settlement, layout_basic
D:2:      layout_loops_ring, basic_altar, chequers_decorated_corner
D:3:      layout_basic, shapermc_ecumenical_altar_notcrosses, uniq_robin
D:4:      minmay_bubble_buster, layout_basic, elyvilon_altar_3,
          grunt_temple_overflow_open, serial_glass, glass_columns_a,
          glass_columns_c, glass_columns_c, glass_columns_a,
          hangedman_abyss_or_decor_lesser_grid, corexii_corridor_pit
D:5:      layout_loops_ring
D:6:      layout_gridville, nemelex_diamond_rough_becter,
          nicolae_overflow_hidden_temple, uniq_duvessa
D:7:      layout_basic, minmay_temple_entry_overgrown
D:8:      layout_basic, zin_statuary, hangedman_abyss_or_decor_passed,
          kennysheep_crisscross
D:9:      layout_gridville, trog_three_pillars_becter, uniq_erica, uniq_psyche
D:10:     layout_roguey, erik_lair_island, serial_shops, kennysheep_little_box,
          nicolae_shop_i_like_big_books, minmay_misc_feat_doors,
          nicolae_two_hexagons, minmay_ruffians
D:11:     layout_loops_ring, orc_0_dummy, serial_shops, shop, uniq_fannar
Temple:   hellmonk_temple_forest_ring

Skill      XL: |  1  2  3  4  5  6  7  8  9 10 11 |
---------------+----------------------------------+-----
Stealth        | 2 3 4 5 |  5.4
Dodging        | 2 3 4 5 |  5.1
Fighting       | 1 2 3 4 5 |  5.9
Shields        | 1 2 3 4 |  4.6
Short Blades   | 1 2 3 4 |  4.6
Spellcasting   | 3 4 5 6 7 |  7.6
Conjurations   | 5 6 |  6.4
Hexes          | 2 3 4 5 6 |  6.5
Evocations     | 2 4 5 6 |  6.1
Summonings     | 1 2 3 |  3.5
Ice Magic      | 1 2 3 |  3.6
Poison Magic   | 1 2 3 |  3.1
Air Magic      | 1 2 3 |  3.2
Invocations    | 2 3 |  3.2

Action                     |  1- 3 |  4- 6 |  7- 9 | 10-12 || total
---------------------------+-------+-------+-------+-------++-------
  Melee: Dagger            |    49 |    69 |    55 |       ||   173
         Unarmed           |    12 |       |       |       ||    12
         Tailslap          |     2 |     7 |    23 |    39 ||    71
         Short sword       |       |       |    79 |   222 ||   301
   Cast: Magic Dart        |    72 |    75 |   211 |    86 ||   444
         Searing Ray       |       |    14 |    55 |    30 ||    99
         Dazzling Flash    |       |       |     2 |       ||     2
         Mephitic Cloud    |       |       |    13 |    51 ||    64
         Call Imp          |       |       |    11 |    17 ||    28
         Fulminant Prism   |       |       |     1 |     9 ||    10
         Ensorcelled Hiber |       |       |       |     2 ||     2
         Tukima's Dance    |       |       |       |     4 ||     4
Ability: Breathe Dispellin |       |       |     1 |       ||     1
    Use: Potion            |       |     1 |     4 |     3 ||     8
         Scroll            |       |     9 |    10 |       ||    19
   Stab: Invisible         |       |       |     2 |       ||     2
         Sleeping          |       |       |     1 |       ||     1
         Confused          |       |       |     3 |    14 ||    17
 Armour: Skin              |    11 |    39 |    48 |    51 ||   149
  Dodge: Dodged            |    45 |    55 |   110 |   124 ||   334
  Block: Buckler           |       |    15 |    36 |    38 ||    89

Table legend: (Time is in decaauts)
 A = Elapsed time spent in this place.
 B = Non-inter-level travel time spent in this place.
 C = Inter-level travel time spent in this place.
 D = Time resting spent in this place.
 E = Time spent auto-exploring this place.
 F = Levels seen in this place.
 G = Mean time per level.
                   A        B        C        D        E       F      G
               +--------+--------+--------+--------+--------+-----+--------+
         Total |  17159 |  16438 |    721 |    611 |  13093 |  12 | 1429.9 |
       Dungeon |  17001 |  16287 |    714 |    611 |  12955 |  11 | 1545.5 |
        Temple |    157 |    150 |      7 |      0 |    138 |   1 |  157.0 |
               +--------+--------+--------+--------+--------+-----+--------+

Top non-repeatable levels by time:
    D:10: 2382 daAuts
     D:6: 2027 daAuts
     D:4: 1958 daAuts
     D:8: 1709 daAuts
    D:11: 1444 daAuts
     D:3: 1356 daAuts
     D:9: 1346 daAuts
     D:1: 1313 daAuts
     D:5: 1206 daAuts
     D:2: 1184 daAuts
     D:7: 1072 daAuts
  Temple: 157 daAuts
